Map: Galactic Process LE

Players

Naattt

  • Race: Protoss Protoss
  • League: Master

A.I. 1 (Easy) - Winner!

  • Race: Terran Terran

VOD

Have the link to the VOD?

Description

Time

  • Played on: Aug. 15, 2016, 2:55 a.m.
  • Length: 4:56
Show
View Real Time Build Order
Export as new Build Order

Naattt Protoss 

Build Orders: Oracle Opening 

Get SALT Encoding   

  12  0:01  Probe (Chrono Boost)  
  13  0:12  Probe (Chrono Boost)  
  14  0:17  Pylon  
  14  0:22  Probe (Chrono Boost)  
  16  0:35  Probe (Chrono Boost)  
  16  0:38  Gateway  
  16  0:44  Assimilator  
  16  0:46  Probe (Chrono Boost)  
  18  0:57  Probe (Chrono Boost)  
  18  0:59  Assimilator  
  18  1:07  Probe (Chrono Boost)  
  19  1:18  Probe (Chrono Boost)  
  20  1:22  Pylon  
  20  1:29  Probe (Chrono Boost), Cybernetics Core  
  21  1:39  Probe (Chrono Boost)  
  22  1:50  Probe (Chrono Boost)  
  23  2:05  Stargate  
  23  2:07  Mothership Core (Chrono Boost)  
  25  2:11  Adept  
  25  2:15  Pylon  
  27  2:20  Warp Gate  
  27  2:28  Pylon  
  27  2:36  Pylon  
  27  2:49  Oracle  
  30  3:05  Gateway  
  30  3:08  Gateway  
  30  3:21  Fleet Beacon  
  30  3:28  Adept  
  32  4:02  Nexus  
  32  4:06  Tempest  
  36  4:15  Probe (Chrono Boost)  
  37  4:25  Adept  
  37  4:27  Probe (Chrono Boost)  
  41  4:39  Adept, Probe (Chrono Boost)  
  43  4:50  Adept  
Show
View Real Time Build Order
Export as new Build Order

A.I. 1 (Easy) Terran - Winner!

Build Orders:  

Get SALT Encoding   

  12  0:00  SCV  
  13  0:13  SCV  
  14  0:18  Supply Depot  
  14  0:25  SCV  
  15  0:40  SCV  
  16  0:45  Barracks  
  16  0:47  Refinery  
  16  1:11  Supply Depot  
  16  1:23  Refinery  
  16  1:31  Marine  
  17  1:34  Orbital Command  
  17  1:50  Barracks Tech Lab  
  17  2:09  Marine  
  18  2:16  Supply Depot  
  18  2:17  SCV  
  20  2:30  SCV  
  20  2:34  Marine  
  21  2:42  SCV  
  22  2:54  SCV  
  23  2:59  Marine  
  24  3:06  SCV  
  25  3:18  SCV  
  26  3:24  Marauder  
  28  3:36  SCV  
  25  3:48  SCV  
  26  3:49  Marauder  
  28  4:00  SCV  
  29  4:12  SCV  
  29  4:14  Marauder  
Tags
 
Add a new tag
Caveats
  • Supply blocks, unpowered buildings, or Contaminate may cause inaccurate times.
  • Supply counts are checked every 10 seconds.